 Dungeon Crawl Stone Soup version 0.32-a0-975-g85d4e5bfdb (webtiles) character file.

Game seed: 18375189376337545549

13608 GordonOverkill the Zephyrmancer (level 11, -1/76 (89) HPs)
             Began as a Black Draconian Delver on Apr 19, 2024.
             Was a High Priest of Sif Muna.
             Killed from afar by Nergalle (28 damage)
             ... with a bolt of negative energy
             ... on level 11 of the Dungeon.
             The game lasted 01:10:14 (15902 turns).

GordonOverkill the Zephyrmancer (DrDe)             Turns: 15902, Time: 01:10:14

HP:   -1/76 (89)    AC: 13    Str: 14    XL:     11   Next: 77%
MP:   19/30         EV: 12    Int: 16    God:    Sif Muna [*****.]
Gold: 568           SH:  5    Dex: 12    Spells: 15/24 levels left

rFire   . . .        a - +2 short sword (speed)
rCold   . . .        h - +0 buckler
rNeg    . . .        (body armour unavailable)
rPois   .            A - +0 hat
rElec   +            y - +0 cloak
rCorr   .            (no gloves)
SInv    .            p - +0 pair of boots
Will    .....        q - amulet of faith
Stlth   +++          o - ring of magical power
HPRegen 0.32/turn    t - +4 ring of protection
MPRegen 0.22/turn

%: faith
@: heavily drained
A: galvanic breath, AC +7, unfitting armour, electricity resistance,
cold-blooded
a: Galvanic Breath, Renounce Religion, Channel Magic, Forget Spell, Divine
Exegesis


You were on level 11 of the Dungeon.
You worshipped Sif Muna.
Sif Muna was extremely pleased with you.
You visited 2 branches of the dungeon, and saw 12 of its levels.
You also visited: Bailey.

You collected 717 gold pieces.
You spent 149 gold pieces at shops.

Inventory:

Hand Weapons
 a - a +2 short sword of speed (weapon)
 b - a +0 sling
 F - the +5 hand axe of the Queen {holy, rElec Dex+4}
   (You found it on level 7 of the Dungeon)

   Dex+4:     It affects your dexterity (+4).
   rElec:     It insulates you from electricity.
 I - a +3 dagger
 M - a +4 trident of draining
Missiles
 J - 4 throwing nets
 K - a curare-tipped dart
 L - 2 javelins (quivered)
Armour
 h - a +0 buckler (worn)
 p - a +0 pair of boots (worn)
 y - a +0 cloak (worn)
 A - a +0 hat (worn)
Jewellery
 j - a ring of resist corrosion
 o - a ring of magical power (left hand)
 q - an amulet of faith (around neck)
 t - a +4 ring of protection (right hand)
 w - an amulet of the acrobat
 O - an amulet of guardian spirit
Wands
 c - a wand of mindburst (13)
 f - a wand of digging (5)
 E - a wand of flame (5)
 N - a wand of light (5)
Scrolls
 d - a scroll of fear
 i - 3 scrolls of fog
 n - 2 scrolls of teleportation
 r - 2 scrolls of immolation
 u - a scroll of poison
 v - a scroll of torment {unknown}
 B - 2 scrolls of vulnerability
 C - a scroll of amnesia {unknown}
 P - a scroll of blinking {unknown}
Potions
 e - 4 potions of enlightenment
 g - 2 potions of ambrosia
 k - 3 potions of resistance
 l - 3 potions of heal wounds
 m - 3 potions of curing
 s - a potion of cancellation
 z - 3 potions of haste
 D - a potion of magic
 G - 2 potions of brilliance {unknown}
 H - 5 potions of might {unknown}


   Skills:
 - Level 6.0 Fighting
 - Level 3.0 Short Blades
 - Level 5.0 Dodging
 - Level 4.5 Stealth
 - Level 5.0 Shields
 - Level 7.2 Spellcasting
 - Level 2.0 Hexes
 - Level 3.0 Summonings
 - Level 6.0 Necromancy
 - Level 2.0 Translocations
 + Level 13.8 Air Magic
 - Level 5.0 Invocations
 - Level 2.0 Evocations


You had 15 spell levels left.
You knew the following spells:

 Your Spells              Type           Power      Damage    Failure   Level
a - Vampiric Draining     Necr           25%        2d7       4%          3
b - Slow                  Hex            48%        N/A       7%          1
c - Apportation           Tloc           24%        N/A       7%          1
d - Summon Lightning Spi  Summ/Air       32%        N/A       4%          4

Your spell library contained the following spells:

 Spells                   Type           Power      Damage    Failure   Level
 Necrotise                Necr           100%       1d9       1%          1
 Summon Small Mammal      Summ           60%        N/A       4%          1
 Lesser Beckoning         Tloc           24%        N/A       11%         2
 Sting                    Conj/Alch      20%        1d4       16%         1
 Confusing Touch          Hex            12%        N/A       21%         3
 Maxwell's Portable Pile  Tloc           12%        2d(6-17)  21%         3
 Teleport Other           Tloc           12%        N/A       21%         3
 Arcjolt                  Conj/Air       14%        1d24      24%         5
 Cause Fear               Hex            6%         N/A       56%         4
 Maxwell's Capacitive Co  Air            25%        ∞         98%         8
 Fireball                 Conj/Fire      2%         3d4       99%         5
 Dragon's Call            Summ           7%         N/A       100%        9


Dungeon Overview and Level Annotations

Branches:
Dungeon (11/15)            Temple (1/1) D:7            Lair (0/5) D:9
 Bailey (visited)
    Orc: D:9-12

Altars:
Ashenzari
Cheibriados
Dithmenos
Elyvilon
Fedhas
Gozag
Hepliaklqana
Kikubaaqudgha
Makhleb
Nemelex Xobeh
Okawaru
Qazlal
Ru
Sif Muna
Trog
Uskayaw
Vehumet
Wu Jian
Xom
Yredelemnul
Zin
The Shining One

Shops:
D:1 *   D:3 [

Annotations:
D:6 2 runed translucent doors, Mlask's ghost, novice TrGl
D:9 2 transporters, Zero's ghost, novice CoBe
D:11 Nergalle


Innate Abilities, Weirdness & Mutations

You can breathe arcing electricity.
Your glossy black scales are hard. (AC +7)
You cannot fit into any form of body armour.
You are resistant to electric shocks. (rElec)
You are cold-blooded and may be slowed by cold attacks.


Message History

The spectral orc knight hits you from afar with a +0 halberd!
* * * LOW HITPOINT WARNING * * *
The spectral orc warrior attacks as it pursues you!
The spectral orc warrior hits you from afar with a +0 trident.
* * * LOW HITPOINT WARNING * * *
Okay, then.
Unknown command.
Unknown command.
Unknown command.
You feel much better. Nergalle barely misses you.
The spectral orc warrior hits you but does no damage.
The spectral orc knight hits you from afar with a +0 halberd!
* * * LOW HITPOINT WARNING * * *
You feel drained.
* * * LOW HITPOINT WARNING * * *
Okay, then.
Okay, then.
Unknown command.
Unknown command.
Unknown command.
Unknown command.
Unknown command.
The spectral orc warrior attacks as it pursues you!
You block the spectral orc warrior's attack.
Nergalle attacks as she pursues you! Nergalle hits you but does no damage.
The spectral orc warrior hits you but does no damage.
Your lightning spire shoots out a bolt of lightning at Nergalle!
The bolt of electricity hits the spectral orc knight.
The bolt of electricity misses the spectral orc warrior.
The bolt of electricity hits Nergalle.
Aiming: Bolt of Light
Press: ? - help, Shift-Dir - straight line, f/p - Nergalle
Aim: Nergalle, wielding a +0 dagger and wearing a +0 robe (severely wounded, not watching you, ally target, 68% to hit)
The bolt of light hits Nergalle!
Nergalle is almost dead.
Nergalle is blinded.
The spectral orc warrior hits you but does no damage.
Nergalle gestures at you while chanting.
The bolt of negative energy hits you!!
You feel drained.
You die...

......... ....
#.......# ####
#.......#
#.......#
#.......#
#.......# ####
######...Z...#####
....
#...I.Z.Zo........
####
######....@..####
#.......#
#.......#
#.......#
#####.......###
####
#...............
........
########.......#
#....... #.......#
#....... #.......#
#.......


You could see Nergalle (blind, unable to see you, ally target), 2 spectral orc
warriors, a spectral orc knight (summoned) and a friendly lightning spire
(summoned).

Vanquished Creatures
  3 two-headed ogres
  A cyclops (D:11)
  Maurice (D:7)
  A manticore (D:11)
  2 nameless horrors (D:6)
  Jeremiah (D:7)
  Psyche (D:9)
  2 trolls
  4 spriggans (Bailey)
  11 yaks
  5 vampire mosquitoes
  A water moccasin (D:5)
  Duvessa (D:7)
  An acid dragon (Bailey)
  An orc warrior (D:10)
  A sky beast (D:7)
  3 ice beasts
  6 ogres
  3 black bears
  4 centaurs
  A phantom (D:4)
  3 kobold brigands
  2 bullfrogs
  Blork the orc (D:4)
  A gnoll sergeant (D:9)
  4 scorpions
  Dowan (D:7)
  A killer bee (D:10)
  A howler monkey (D:6)
  2 jellies
  Crazy Yiuf (D:7)
  2 bombardier beetles
  4 orc priests
  3 hounds
  Jessica (D:2)
  3 iguanas
  A sleepcap (D:4)
  7 orc wizards
  8 adders
  9 gnolls
  A shadow imp (D:7)
  3 white imps
  2 ufetubi (D:6)
  2 ribbon worms (D:4)
  3 dart slugs
  29 orcs
  6 ball pythons
  3 endoplasms
  3 giant cockroaches
  9 goblins
  9 hobgoblins
  9 jackals
  24 kobolds
  2 quokkas
  3 bats
  A frilled lizard (D:1)
  5 rats
223 creatures vanquished.

Vanquished Creatures (collateral kills)
  Joseph (D:7)
  A cyclops (D:11)
  Maggie (D:6)
  2 komodo dragons
  A troll (D:10)
  4 yaks
  5 vampire mosquitoes
  An acid dragon (D:10)
  A kobold brigand (D:10)
  A nameless horror (D:9)
  3 killer bees (D:10)
  3 orcs (D:10)
24 creatures vanquished.

Grand Total: 247 creatures vanquished

Notes
Turn   | Place    | Note
-------+----------+-------------------------------------------
     0 | D:5      | GordonOverkill the Draconian Delver began the quest for the
                  | Orb.
     0 | D:5      | Reached XP level 1. HP: 19/19 MP: 1/1
    39 | D:6      | Noticed an ice beast
   181 | D:4      | Noticed a sleepcap
   183 | D:4      | Reached XP level 2. HP: 27/27 MP: 2/2
   422 | D:1      | Reached XP level 3. HP: 33/33 MP: 3/3
   701 | D:1      | Found Sogoguyd's Assorted Antiques.
   707 | D:1      | Bought a lumpy white potion for 18 gold pieces
   707 | D:1      | Bought a scroll labelled NAMUKK IHUMN for 21 gold pieces
  1635 | D:2      | Reached XP level 4. HP: 41/41 MP: 4/4
  1994 | D:2      | Noticed Jessica
  1998 | D:2      | Killed Jessica
  1999 | D:2      | Reached skill level 5 in Fighting
  2158 | D:3      | Found a faded altar of an unknown god.
  2161 | D:3      | Prayed at the altar of an unknown god.
  2161 | D:3      | Became a worshipper of Sif Muna the Loreminder
  2161 | D:3      | Reached * piety under Sif Muna
  2170 | D:2      | Learned a level 3 spell: Vampiric Draining
  2177 | D:2      | Identified the +1 ring mail of Liberty {Fly rElec Dex+4}
  2563 | D:3      | Reached XP level 5. HP: 45/48 MP: 5/5
  2736 | D:4      | Reached skill level 1 in Shields
  2956 | D:4      | Noticed an ice beast
  3116 | D:3      | Reached skill level 1 in Spellcasting
  3249 | D:4      | Noticed a yak
  3448 | D:4      | Noticed Blork the orc
  3744 | D:5      | Reached XP level 6. HP: 49/56 MP: 9/9
  3834 | D:5      | Reached skill level 1 in Necromancy
  3988 | D:5      | Noticed a water moccasin
  4254 | D:5      | Reached ** piety under Sif Muna
  4692 | D:4      | Your scales start taking on a glossy black colour.
  4692 | D:4      | Reached XP level 7. HP: 49/61 MP: 10/10
  4692 | D:4      | Gained mutation: You are resistant to electric shocks.
                  | (rElec) [Black Draconian growth]
  5075 | D:6      | Learned a level 1 spell: Slow
  5095 | D:6      | Reached skill level 5 in Necromancy
  5171 | D:6      | Reached skill level 1 in Hexes
  5755 | D:4      | Killed a yak
  5756 | D:4      | Reached XP level 8. HP: 46/68 MP: 7/13
  5949 | D:4      | Killed Blork the orc
  6231 | D:3      | Reached *** piety under Sif Muna
  6393 | D:3      | Found Jefagain's Armour Emporium.
  6400 | D:3      | Bought a +0 cloak for 58 gold pieces
  6400 | D:3      | Bought a +0 hat for 52 gold pieces
  6868 | D:6      | Reached skill level 5 in Shields
  6961 | D:6      | Noticed Maggie
  7436 | D:6      | Found a large runed translucent door.
  7436 | D:6      | Found a large runed translucent door.
  7439 | D:6      | Noticed Mlask's ghost (novice TrGl)
  7755 | D:7      | Reached skill level 5 in Dodging
  7775 | D:7      | Reached skill level 1 in Invocations
  7775 | D:7      | Reached XP level 9. HP: 58/74 MP: 12/15
  7876 | D:7      | Noticed Dowan
  7877 | D:7      | Noticed Duvessa
  7901 | D:7      | Killed Duvessa
  7908 | D:7      | Killed Dowan
  8043 | D:7      | Noticed Maurice
  8187 | D:7      | Found a runed translucent door.
  8188 | D:7      | Noticed Crazy Yiuf
  8210 | D:7      | Noticed Jeremiah
  8225 | D:7      | Found a staircase to the Ecumenical Temple.
  8246 | Temple   | Entered the Ecumenical Temple
  8267 | D:7      | Learned a level 1 spell: Apportation
  8661 | D:7      | Identified the +5 hand axe of the Queen {holy, rElec Dex+4}
  8771 | D:7      | Noticed Joseph
  8803 | D:7      | Killed Crazy Yiuf
  9091 | D:8      | Reached skill level 5 in Spellcasting
  9169 | D:8      | Reached skill level 1 in Translocations
  9200 | D:8      | Found a flagged portal.
  9258 | Bailey   | Entered a bailey
  9616 | Bailey   | Noticed a two-headed ogre
  9641 | Bailey   | Killed a two-headed ogre
  9641 | Bailey   | Reached **** piety under Sif Muna
  9708 | Bailey   | Reached XP level 10. HP: 71/83 MP: 19/20
  9862 | Bailey   | Reached skill level 5 in Invocations
  9862 | Bailey   | Reached skill level 1 in Evocations
 10402 | D:8      | Found a hide-covered altar of Uskayaw.
 10436 | D:8      | Found a burning altar of Makhleb.
 10779 | D:8      | Found a stormy altar of Qazlal.
 10820 | D:8      | Found an ancient bone altar of Kikubaaqudgha.
 11123 | D:8      | Reached skill level 1 in Air Magic
 11357 | D:9      | Reached skill level 2 in Air Magic
 11398 | D:9      | Noticed Psyche
 11485 | D:9      | Reached skill level 3 in Air Magic
 11632 | D:9      | Reached skill level 4 in Air Magic
 11886 | D:8      | Reached skill level 5 in Air Magic
 12129 | D:9      | Reached skill level 6 in Air Magic
 12390 | D:9      | Reached skill level 7 in Air Magic
 12461 | D:9      | Learned a level 4 spell: Summon Lightning Spire
 12603 | D:9      | Noticed a two-headed ogre
 12623 | D:9      | Killed a two-headed ogre
 12624 | D:9      | Reached skill level 8 in Air Magic
 12677 | D:9      | Found a transporter.
 12687 | D:9      | Found a transporter.
 12692 | D:9      | Noticed Zero's ghost (novice CoBe)
 13154 | D:6      | Noticed a nameless horror
 13254 | D:6      | Killed a nameless horror
 13329 | D:6      | Killed Maggie
 13330 | D:6      | Reached skill level 9 in Air Magic
 13565 | D:7      | Killed Joseph
 13573 | D:7      | Killed Maurice
 13574 | D:7      | Reached skill level 10 in Air Magic
 13574 | D:7      | Reached XP level 11. HP: 80/89 MP: 21/21
 13656 | D:7      | Killed Jeremiah
 13657 | D:7      | Reached skill level 1 in Summonings
 13831 | D:9      | Killed Psyche
 13875 | D:9      | Found a staircase to the Lair.
 13940 | D:10     | Entered Level 10 of the Dungeon
 14408 | D:10     | Reached skill level 11 in Air Magic
 15228 | D:11     | Noticed a two-headed ogre
 15245 | D:11     | Reached skill level 12 in Air Magic
 15249 | D:11     | Killed a two-headed ogre
 15326 | D:11     | Noticed Nergalle
 15408 | D:11     | Reached ***** piety under Sif Muna
 15409 | D:11     | Reached skill level 13 in Air Magic
 15902 | D:11     | Killed from afar by Nergalle

Illustrated notes

Levels and vault maps discovered:
D:1:      giann_bridges, layout_loops_ring, serial_shops, shop,
          amethyst_killhole, palyth_stone_intersect
D:2:      layout_basic, uniq_jessica
D:3:      layout_basic, nicolae_ecumenical_oubliette, serial_shops, shop,
          small_statue_intersection
D:4:      minmay_angry_zag, layout_basic, uniq_blork_the_orc
D:5:      corexii_shack_village, layout_cave_pools, hangedman_decor_growths,
          minmay_misc_feat_chi
D:6:      layout_cave_pools, ebering_ghost_disaster_area,
          serial_co_window_serial, co_window_corner_a, co_window_paths_a,
          co_window_paths_b, co_window_of_opportunity_a, co_window_corner_a,
          co_window_paths_a, co_window_corner_cb, co_window_2corner,
          co_window_corner_ca, co_window_corner_b, co_window_corner_b,
          co_window_4corner_b, glass_columns_c, glass_columns_b,
          glass_columns_a, glass_columns_c, uniq_maggie
D:7:      layout_gridville, minmay_temple_entry_waves, item_on_display_a,
          uniq_jeremiah, uniq_joseph, uniq_maurice, uniq_crazy_yiuf_cottage,
          uniq_duvessa
D:8:      layout_loops_corners, nicolae_qazlal_eye_of_the_storm,
          mainiacjoe_overflow_two_lobes, mainiacjoe_overflow_chevrons,
          enter_bailey_6
D:9:      layout_rooms, david_lair_shrubbed, gammafunk_ghost_stat_death,
          kennysheep_decorative_pillar, uniq_psyche
D:10:     layout_big_octagon, st_stairs_14
D:11:     layout_small_grid, uniq_nergalle
Temple:   hc_temple_tempest_star

Skill      XL: |  1  2  3  4  5  6  7  8  9 10 11 |
---------------+----------------------------------+-----
Fighting       | 4 5 6 |  6.0
Short Blades   | 3 |  3.0
Dodging        | 2 3 5 |  5.0
Shields        | 2 5 |  5.0
Spellcasting   | 2 3 4 7 |  7.2
Necromancy     | 4 6 |  6.0
Hexes          | 2 |  2.0
Invocations    | 1 4 5 |  5.0
Translocations | 2 |  2.0
Evocations     | 2 |  2.0
Air Magic      | 10 13 | 13.8
Summonings     | 3 |  3.0
Stealth        | |  4.5

Action                     |  1- 3 |  4- 6 |  7- 9 | 10-12 || total
---------------------------+-------+-------+-------+-------++-------
  Melee: Short sword       |    97 |   221 |   187 |   106 ||   611
         Tailslap          |    11 |    41 |    35 |    22 ||   109
   Fire: Sling             |    50 |   109 |    77 |    45 ||   281
  Throw: Stone             |     7 |       |       |       ||     7
         Javelin           |       |       |     5 |    10 ||    15
   Cast: Vampiric Draining |       |       |   115 |   129 ||   244
         Slow              |       |       |     1 |       ||     1
         Summon Lightning  |       |       |       |    37 ||    37
Ability: Galvanic Breath   |       |       |     2 |     5 ||     7
  Evoke: Wand              |       |       |    15 |    23 ||    38
    Use: Potion            |     1 |       |     2 |     1 ||     4
         Scroll            |     4 |     1 |     7 |     7 ||    19
   Stab: Sleeping          |     5 |       |     5 |     1 ||    11
 Armour: Skin              |    40 |    98 |   152 |   158 ||   448
  Dodge: Dodged            |    52 |    69 |   116 |   132 ||   369
  Block: Buckler           |       |    16 |    51 |    60 ||   127

Table legend: (Time is in decaauts)
 A = Elapsed time spent in this place.
 B = Non-inter-level travel time spent in this place.
 C = Inter-level travel time spent in this place.
 D = Time resting spent in this place.
 E = Time spent auto-exploring this place.
 F = Levels seen in this place.
 G = Mean time per level.
                   A        B        C        D        E       F      G
               +--------+--------+--------+--------+--------+-----+--------+
         Total |  15751 |  14921 |    830 |   5362 |   4908 |  13 | 1211.6 |
       Dungeon |  15007 |  14177 |    830 |   4959 |   4908 |  11 | 1364.3 |
        Temple |      1 |      1 |      0 |      0 |      0 |   1 |    1.0 |
        Bailey |    742 |    742 |      0 |    403 |      0 |   1 |  742.0 |
               +--------+--------+--------+--------+--------+-----+--------+

Top non-repeatable levels by time:
     D:8: 2062 daAuts
     D:4: 1859 daAuts
     D:6: 1770 daAuts
     D:9: 1751 daAuts
     D:7: 1564 daAuts
     D:5: 1323 daAuts
     D:2: 1306 daAuts
    D:10: 1070 daAuts
     D:3: 926 daAuts
  Bailey: 742 daAuts
     D:1: 707 daAuts
    D:11: 664 daAuts
  Temple: 1 daAuts
